Map: Disco Bloodbath LE

Players

SortOf

  • Race: Zerg Zerg
  • Spawn Location: 3:00

SKillous - Winner!

  • Race: Protoss Protoss
  • Spawn Location: 9:00

VOD

Have the link to the VOD?

Description

Time

  • Played on: Sept. 6, 2019, 5:28 p.m.
  • Length: 6:15
Show
View Real Time Build Order
Export as new Build Order

SortOf Zerg 

Build Orders: Hatch First 

Get SALT Encoding   

  12  0:00  Drone  
  13  0:12  Overlord  
  13  0:17  Drone  
  14  0:30  Drone  
  14  0:31  Drone  
  16  0:47  Drone x2  
  18  0:56  Hatchery  
  17  0:58  Drone  
  17  1:01  Extractor  
  17  1:13  Spawning Pool  
  17  1:16  Drone  
  17  1:20  Drone  
  18  1:27  Drone  
  19  1:39  Drone  
  20  1:49  Overlord  
  20  2:01  Queen  
  20  2:06  Metabolic Boost  
  20  2:08  Queen  
  22  2:09  Zergling x4  
  22  2:13  Zergling x2  
  27  2:19  Zergling x2  
  28  2:23  Zergling x2  
  28  2:29  Zergling x2  
  30  2:32  Zergling x2  
  31  2:39  Hatchery  
  31  2:43  Zergling x4  
  32  2:51  Overlord  
  32  2:58  Zergling x2  
  33  3:03  Zergling x2  
  34  3:07  Overlord  
  33  3:14  Zergling x8  
  33  3:19  Overlord  
  36  3:21  Zergling x2  
  36  3:22  Zergling x2  
  37  3:29  Zergling x4  
  37  3:30  Zergling x2  
  39  3:40  Zergling x2  
  39  3:41  Zergling x2  
  39  3:47  Zergling x2  
  38  3:51  Drone x2  
  38  3:55  Zergling x4  
  42  3:56  Drone  
  42  3:59  Drone x2  
  42  4:09  Drone x2  
  42  4:11  Drone x2  
  42  4:12  Drone  
  43  4:19  Drone  
  43  4:20  Drone x3  
  45  4:32  Drone x4  
  47  4:38  Drone x3  
  47  4:44  Drone x4  
  51  4:49  Overlord  
  51  4:54  Queen  
  51  4:58  Extractor  
  51  4:59  Overlord  
  52  5:00  Drone x3  
  52  5:03  Overlord  
  52  5:05  Overlord  
  55  5:10  Zergling x2  
  56  5:17  Zergling x10  
  56  5:18  Roach Warren  
  56  5:19  Zergling x2  
  61  5:23  Extractor  
  61  5:26  Zergling x8  
  64  5:29  Overlord  
  64  5:38  Overlord  
  64  5:43  Zergling x10  
  66  5:52  Zergling x6  
  68  5:58  Zergling x2  
Show
View Real Time Build Order
Export as new Build Order

SKillous Protoss - Winner!

Build Orders: 1 Gate Expand 

Get SALT Encoding   

  12  0:00  Probe  
  13  0:12  Probe  
  14  0:19  Pylon  
  14  0:26  Probe  
  15  0:35  Probe  
  15  0:41  Gateway  
  16  0:43  Probe  
  17  0:50  Assimilator  
  17  0:52  Probe  
  18  1:04  Probe  
  19  1:16  Probe  
  20  1:28  Cybernetics Core  
  20  1:38  Nexus  
  20  1:47  Pylon  
  20  1:48  Probe  
  20  1:53  Assimilator  
  20  1:54  Adept  
  20  1:59  Probe  
  21  2:06  Warp Gate  
  21  2:07  Probe  
  23  2:15  Probe  
  25  2:24  Stalker  
  25  2:27  Probe  
  28  2:33  Robotics Facility  
  28  2:39  Probe  
  29  2:47  Probe  
  30  2:51  Probe  
  30  2:52  Sentry  
  30  2:55  Probe  
  33  3:03  Probe  
  35  3:11  Sentry  
  35  3:12  Gateway  
  34  3:14  Shield Battery  
  34  3:18  Pylon  
  35  3:25  Gateway  
  35  3:27  Gateway  
  35  3:32  Probe x2  
  35  3:34  Warp Prism  
  39  3:44  Probe  
  40  3:52  Gateway  
  40  3:55  Gateway  
  40  3:57  Sentry  
  40  3:59  Probe  
  40  4:01  Probe  
  44  4:11  Probe  
  44  4:12  Pylon  
  44  4:13  Probe  
  46  4:20  Immortal  
  46  4:24  Pylon  
  46  4:30  Probe x2  
  52  4:39  Sentry  
  52  4:42  Probe x2  
  56  4:46  Pylon, Adept  
  56  4:47  Assimilator  
  56  4:48  Adept  
  60  4:54  Probe  
  61  5:02  Immortal, Pylon  
  61  5:06  Probe x2  
  67  5:07  Assimilator  
  67  5:15  Adept  
  67  5:18  Probe  
  67  5:21  Adept x2  
  74  5:22  Pylon, Adept  
  74  5:23  Probe  
  77  5:31  Forge  
  77  5:33  Twilight Council  
  77  5:39  Pylon  
  77  5:51  Adept x2  
  77  5:52  Adept x2  
  77  5:56  Pylon  
  85  5:57  Pylon  
  81  6:11  Zealot  
  81  6:12  Zealot x2  
  81  6:15  Stalker  
Tags
 
Add a new tag
Caveats
  • Supply blocks, unpowered buildings, or Contaminate may cause inaccurate times.
  • Supply counts are checked every 10 seconds.